Map: Tours du crépuscule

Players

zidar

  • Race: Zerg Zerg
  • League: Silver
  • Spawn Location: 1:00

Flye - Winner!

  • Race: Terran Terran
  • League: Bronze
  • Spawn Location: 7:00

VOD

Have the link to the VOD?

Description

Time

  • Played on: Nov. 28, 2015, 10:39 a.m.
  • Length: 18:02
Show
View Real Time Build Order
Export as new Build Order

zidar Zerg 

Build Orders: Hatch First, Muta Ling Bane 

Get SALT Encoding   

  12  0:02  Drone  
  13  0:12  Overlord  
  13  0:17  Drone  
  14  0:30  Drone x2  
  16  0:38  Drone  
  17  0:59  Drone  
  17  1:02  Hatchery  
  17  1:17  Spawning Pool  
  17  1:18  Drone  
  17  1:22  Extractor, Drone  
  17  1:32  Drone  
  18  1:33  Drone  
  19  1:41  Overlord  
  19  2:03  Drone  
  19  2:04  Queen  
  21  2:10  Drone  
  22  2:15  Queen  
  22  2:18  Drone  
  22  2:21  Overlord  
  25  2:23  Metabolic Boost  
  25  2:54  Baneling Nest  
  24  3:00  Zergling x4  
  24  3:01  Zergling x4  
  28  3:14  Extractor  
  27  3:34  Overlord x3  
  27  3:39  Drone x8  
  35  4:14  Drone x10  
  45  4:17  Lair  
  45  4:21  Pneumatized Carapace  
  45  4:41  Baneling x3  
  45  4:43  Extractor  
  45  4:44  Extractor  
  43  4:57  Zergling x2  
  43  4:58  Zergling x22  
  54  5:24  Baneling x4  
  54  5:26  Centrifical Hooks  
  54  5:42  Spire  
  53  6:02  Baneling x2  
  53  6:03  Baneling  
  53  6:14  Queen  
  53  6:16  Queen  
  57  6:20  Hatchery  
  57  6:23  Drone  
  57  6:24  Drone x2  
  59  6:29  Overlord  
  59  6:30  Overlord x2  
  59  6:31  Overlord  
  59  6:45  Evolution Chamber  
  58  6:47  Evolution Chamber  
  57  7:08  Queen  
  57  7:13  Mutalisk x8  
  60  8:01  Zergling x18  
  60  8:02  Zergling x14  
  76  8:19  Drone  
  79  8:20  Drone x2  
  77  8:29  Baneling, Overseer  
  77  9:07  Mutalisk x6  
  89  9:13  Zerg Ground Armor Level 1, Zerg Melee Weapons Level 1  
  89  9:20  Overlord  
  89  9:21  Overlord x3  
  89  9:25  Baneling  
  89  9:26  Baneling x12  
  89  9:27  Baneling  
  89  9:28  Baneling  
  89  9:29  Baneling x3  
  89  9:30  Baneling  
  89  9:36  Zerg Flyer Weapons Level 1  
  89  9:57  Drone  
  89  9:58  Drone x11  
  89  9:59  Drone  
  102  10:02  Drone  
  102  10:03  Drone x2  
  102  10:04  Drone x3  
  108  10:18  Extractor  
  107  10:22  Extractor  
  107  10:26  Mutalisk x6  
  118  10:29  Zergling x8  
  118  10:33  Overlord x3  
  122  10:59  Zergling x2  
  122  11:00  Zergling x24  
  135  11:30  Zerg Ground Armor Level 2, Zerg Melee Weapons Level 2  
  135  11:32  Zerg Flyer Weapons Level 2  
  135  11:51  Hatchery  
  134  12:11  Infestation Pit  
  132  12:32  Overlord x3  
  132  12:33  Overlord  
  132  12:39  Drone  
  133  12:47  Drone  
  133  12:48  Drone  
  135  12:55  Zergling x2  
  135  12:56  Zergling x50  
  135  12:57  Zergling x2  
  162  12:59  Mutalisk x6  
  162  13:04  Baneling x7  
  162  13:05  Baneling x3  
  174  13:06  Baneling x8  
  104  13:48  Mutalisk  
  104  13:49  Mutalisk x7  
  104  13:51  Corruptor  
  104  13:52  Corruptor x4  
  104  13:53  Corruptor x3  
  129  14:40  Hive  
  129  14:50  Baneling  
  129  14:53  Baneling x3  
  129  14:54  Baneling x2  
  129  14:56  Baneling  
  77  16:22  Zergling x2  
  77  16:23  Zergling x34  
  95  16:54  Extractor  
  95  16:58  Extractor, Baneling  
  95  16:59  Baneling x8  
  77  17:25  Zergling x2  
  77  17:26  Zergling x22  
Show
View Real Time Build Order
Export as new Build Order

Flye Terran - Winner!

Build Orders: Mech 

Get SALT Encoding   

  12  0:01  SCV  
  13  0:13  SCV  
  14  0:19  Supply Depot  
  14  0:25  SCV  
  15  0:39  Refinery  
  15  0:41  SCV  
  16  0:45  Barracks  
  16  0:53  SCV  
  17  1:00  Supply Depot  
  17  1:05  SCV  
  18  1:15  Barracks  
  18  1:20  SCV  
  19  1:32  Marine  
  20  1:33  SCV  
  21  1:40  Engineering Bay  
  21  1:48  SCV  
  22  2:04  Marine  
  22  2:06  SCV  
  22  2:07  Terran Infantry Armor Level 1  
  24  2:11  Barracks Tech Lab  
  24  2:19  Refinery, Orbital Command  
  24  2:23  Marine  
  25  2:37  Factory  
  25  2:44  Marine  
  26  2:49  Marine  
  27  3:01  Marine  
  27  3:04  Combat Shield  
  28  3:15  Command Center  
  28  3:19  Marine  
  28  3:20  Marine  
  30  3:30  Supply Depot  
  30  3:37  Marine  
  31  3:50  Starport  
  31  3:51  Marine  
  31  3:54  Factory  
  31  3:55  Marine  
  34  3:59  Widow Mine  
  35  4:03  Supply Depot  
  35  4:11  Marine  
  35  4:13  Marine, Terran Infantry Weapons Level 1  
  37  4:38  Sensor Tower  
  37  4:43  Factory Tech Lab  
  37  4:44  Starport Reactor  
  37  4:48  SCV  
  37  4:49  SCV  
  39  5:00  Refinery, SCV  
  40  5:09  Refinery  
  40  5:10  Marine x2  
  42  5:24  SCV  
  42  5:27  Marine  
  42  5:28  Marine  
  45  5:36  SCV  
  45  5:37  Factory Tech Lab, Factory  
  46  5:44  Siege Tank  
  46  5:45  Marine x2  
  46  5:48  Medivac  
  46  5:49  Medivac  
  55  5:56  SCV  
  56  6:03  Marine x2  
  58  6:15  Armory  
  58  6:21  Marine  
  59  6:44  Marine x2  
  61  6:52  Supply Depot  
  61  6:54  Supply Depot  
  61  7:00  Missile Turret  
  61  7:01  Marine  
  61  7:08  Missile Turret  
  62  7:14  Marine, Siege Tank x2  
  69  7:19  Marine  
  70  7:32  Marine  
  71  7:37  Marine  
  72  7:49  Marine  
  55  7:56  Marine  
  55  7:57  Thor  
  56  8:07  Marine  
  56  8:12  Missile Turret  
  55  8:14  Marine  
  55  8:15  Missile Turret  
  55  8:17  Missile Turret  
  55  8:19  Missile Turret  
  56  8:25  Marine  
  57  8:27  Missile Turret  
  57  8:32  Marine  
  58  8:35  SCV  
  59  8:47  SCV  
  60  8:49  Factory Tech Lab, Missile Turret  
  60  8:54  SCV  
  59  9:06  SCV  
  59  9:09  Medivac x2  
  64  9:12  Marine x2  
  66  9:26  Hellbat  
  66  9:27  Thor  
  66  9:30  Marine x2  
  76  9:50  Missile Turret  
  76  10:01  Command Center  
  76  10:05  Terran Vehicle And Ship Armor Level 1  
  76  10:43  Armory  
  76  10:47  Terran Infantry Armor Level 2  
  78  10:55  Liberator x2  
  76  10:59  Supply Depot  
  76  11:02  Supply Depot  
  76  11:04  Supply Depot  
  76  11:05  Supply Depot  
  76  11:12  Thor  
  76  11:13  SCV x2  
  90  11:25  SCV  
  91  11:27  Sensor Tower  
  91  11:37  SCV  
  92  11:47  Marine  
  92  11:48  Marine  
  92  11:49  Thor  
  100  11:58  Orbital Command  
  100  12:00  Orbital Command  
  100  12:05  Marine x2  
  100  12:08  Terran Vehicle And Ship Armor Level 2  
  102  12:11  Terran Vehicle Weapons Level 1  
  102  12:23  Marine  
  102  12:26  Marine  
  104  12:41  Marine  
  105  12:44  Marine  
  105  12:46  Thor x2  
  118  12:59  Marine  
  118  13:02  Marine  
  64  14:01  Marine x2  
  66  14:03  Siege Tank x3  
  73  14:19  Marine x2  
  73  14:35  Thor, Siege Tank x2  
  73  14:36  Marine  
  73  14:37  Marine  
  87  14:54  Marine x2  
  87  14:57  Medivac  
  87  14:58  Medivac  
  93  15:07  Thor, Siege Tank  
  93  15:12  Marine x2  
  104  15:14  Supply Depot  
  104  15:16  Terran Vehicle Weapons Level 2  
  104  15:18  Terran Vehicle And Ship Armor Level 3, Siege Tank  
  107  15:28  Liberator  
  107  15:29  Liberator  
  107  15:30  Marine x2  
  77  15:39  Siege Tank  
  80  15:48  Marine x2  
  80  15:49  Thor  
  88  15:53  Thor  
  100  16:05  Marine  
  100  16:06  Marine  
  100  16:10  Refinery  
  100  16:11  Refinery, Thor, Liberator  
  102  16:12  Liberator  
  102  16:16  Command Center  
  108  16:23  Marine x2  
  118  16:33  Hellbat  
  118  16:41  Marine x2  
  117  16:58  Thor  
  117  16:59  Marine x2  
  122  17:17  Marine  
  110  17:38  SCV x3  
  110  17:44  Refinery  
  113  17:48  SCV  
Tags
 
Add a new tag
Caveats
  • Supply blocks, unpowered buildings, or Contaminate may cause inaccurate times.
  • Supply counts are checked every 10 seconds.